 Dungeon Crawl Stone Soup version 0.29.1-1-gd02db6906a (webtiles) character file.

Game seed: 9237181427910883995

98 Sylpheed74 the Digger (level 4, -1/24 HPs)
             Began as a Gargoyle Earth Elementalist on Sept 22, 2022.
             Slain by an ogre
             ... wielding a +0 giant club
              (25 damage)
             ... on level 4 of the Dungeon.
             The game lasted 00:10:56 (3442 turns).

Sylpheed74 the Digger (Gargoyle Earth Elementalist) Turns: 3442, Time: 00:10:57

Health: -1/24      AC:  5    Str: 11    XL:     4   Next: 69%
Magic:  9/9        EV: 11    Int: 18    God:
Gold:   122        SH:  0    Dex: 10    Spells: 9/10 levels left

rFire   . . .      SeeInvis .   n - +0 spear
rCold   . . .      Faith    .   (no shield)
rNeg    + . .      Spirit   .   a - +0 robe
rPois   ∞          Reflect  .   (no helmet)
rElec   +          Harm     .   (no cloak)
rCorr   .          Rampage  .   (no gloves)
Will    .....                   (no boots)
Stlth   ++........              (no amulet)
HPRegen 0.08/turn               (no ring)
MPRegen 0.11/turn               (no ring)

@: no status effects
A: sickness immunity, AC +3, negative energy resistance 1, electricity
resistance, torment resistance 1, petrification resistance
a: no special abilities


You were on level 4 of the Dungeon.
You visited 1 branch of the dungeon, and saw 4 of its levels.

You collected 122 gold pieces.

Inventory:

Hand Weapons
 n - a +0 spear (weapon)
Missiles
 d - 5 poisoned darts
Armour
 a - a +0 robe (worn)
Scrolls
 c - 2 scrolls of immolation {unknown}
 f - a scroll of noise {unknown}
 i - 2 scrolls of teleportation {unknown}
 j - 2 scrolls of identify {unknown}
 m - a scroll of summoning {unknown}
 o - a scroll of poison {unknown}
 q - a scroll of butterflies {unknown}
Potions
 b - a potion of magic
 e - a potion of attraction {unknown}
 g - a potion of haste {unknown}
 h - a potion of lignification {unknown}
 k - a potion of might {unknown}
 l - a potion of curing {unknown}
 p - a potion of ambrosia {unknown}


   Skills:
 - Level 1.5 Dodging
 - Level 2.1 Stealth
 * Level 3.8 Spellcasting
 - Level 0.7 Transmutations
 + Level 4.7 Earth Magic


You had 9 spell levels left.
You knew the following spells:

 Your Spells              Type           Power      Damage    Failure   Level
a - Sandblast             Erth           40%        2d10      2%          1

Your spell library contained the following spells:

 Spells                   Type           Power      Damage    Failure   Level
 Passwall                 Tmut/Erth      10%        N/A       8%          2
 Stone Arrow              Conj/Erth      22%        3d8       17%         3
 Ignite Poison            Fire/Tmut/Pois 4%         N/A       38%         3
 Mephitic Cloud           Conj/Pois/Air  3%         N/A       41%         3
 Petrify                  Tmut/Erth      13%        N/A       45%         4
 Freezing Cloud           Conj/Ice/Air   1%         6-21      99%         5


Dungeon Overview and Level Annotations

Branches:
Dungeon (4/15)
 Temple: D:4-7

Altars:

Shops:
D:3 [

Annotations:
D:4 Grinder


Innate Abilities, Weirdness & Mutations

You are immune to sickness and miasma.
Your stone body is resilient. (AC +3)
You are immune to poison.
You resist negative energy. (rN+)
You are resistant to electric shocks. (rElec)
You are resistant to unholy torment.
You are immune to petrification.


Message History

A frilled lizard is nearby!
The frilled lizard hisses angrily.
Casting: Sandblast (safe; 2% risk of failure)
Confirm with . or Enter, or press ? or * to list all spells.
You can't see any susceptible monsters within range! (Use Z to cast anyway.)
Casting: Sandblast (safe; 2% risk of failure)
Confirm with . or Enter, or press ? or * to list all spells.
Aiming: Sandblast (safe; 2% risk of failure)
Press: ? - help, Shift-Dir - straight line, f - frilled lizard
Aim: a frilled lizard (72% to hit)
The blast of sand misses the frilled lizard.
Casting: Sandblast (safe; 2% risk of failure)
Confirm with . or Enter, or press ? or * to list all spells.
Aiming: Sandblast (safe; 2% risk of failure)
Press: ? - help, Shift-Dir - straight line, f/p - frilled lizard
Aim: a frilled lizard (72% to hit)
The blast of sand hits the frilled lizard.
You kill the frilled lizard!
You start resting.
Magic restored.
You start waiting.
Done waiting.
Found a stone staircase leading up.
Found a stone staircase leading down.
You now have 122 gold pieces (gained 10).
Found a stone staircase leading down.
There is a stone staircase leading down here.
You climb downwards.
There is a stone staircase leading up here.
You climb upwards.
There is a stone staircase leading down here.
There is a stone staircase leading down here.
You climb downwards.
Grinder shouts!
Found 16 gold pieces, a runed scarf, a dagger and 7 stones.
There is a stone staircase leading up here.
The kobold shouts!
The ogre shouts!
The ogre hits you with a +0 giant club!!
Ouch! That really hurt!
You die...

#### #######
... ......# . #
.. .......
#K.#.#.#....(.#
.....)........5
#.@....$[.
#..O######
.......
#.####### #. #


You could see Grinder, an ogre and a kobold.

Vanquished Creatures
  An adder (D:2)
  4 gnolls (D:2)
  2 worms
  5 ball pythons
  2 bats
  3 endoplasms (D:2)
  9 goblins
  6 hobgoblins
  3 jackals
  2 frilled lizards
  3 kobolds (D:1)
  2 rats (D:1)
42 creatures vanquished.

Vanquished Creatures (others)
  A plant (D:1)
1 creature vanquished.

Grand Total: 43 creatures vanquished

Notes
Turn   | Place    | Note
-------+----------+-------------------------------------------
     0 | D:1      | Sylpheed74 the Gargoyle Earth Elementalist began the quest
                  | for the Orb.
     0 | D:1      | Reached XP level 1. HP: 10/10 MP: 3/3
   217 | D:1      | Reached XP level 2. HP: 15/15 MP: 1/5
   966 | D:1      | Found a faded altar of an unknown god.
  1109 | D:3      | Found Poubik's Armour Shop.
  1113 | D:3      | Reached skill level 4 in Earth Magic
  1768 | D:2      | Reached XP level 3. HP: 19/19 MP: 4/7
  2584 | D:2      | Reached XP level 4. HP: 22/24 MP: 5/9
  3441 | D:4      | Noticed Grinder
  3441 | D:4      | Noticed an ogre
  3442 | D:4      | Slain by an ogre

Illustrated notes

Levels and vault maps discovered:
D:1:      kennysheep_arrival_seaside, layout_loops_ring,
          shapermc_ecumenical_altar_hornbeckon
D:2:      layout_rooms
D:3:      layout_rooms, nemelex_diamond_rough_becter, serial_shops, shop,
          minmay_pentomino_pile
D:4:      layout_basic, lemuel_mausoleum_altar_yredelemnul,
          kennysheep_generic_room_13, uniq_blork_the_orc, uniq_natasha,
          uniq_grinder

Skill      XL: |  1  2  3 |
---------------+----------+-----
Earth Magic    | 4 |  4.7
Spellcasting   | 3 |  3.8
Dodging        | |  1.5
Stealth        | |  2.1
Transmutations | |  0.7

Action                   |  1- 3 |  4- 6 || total
-------------------------+-------+-------++-------
Melee: Unarmed           |     1 |       ||     1
 Cast: Sandblast         |    43 |    12 ||    55
Armor: Robe              |     1 |     1 ||     2
Dodge: Dodged            |     7 |     2 ||     9
